 Dungeon Crawl Stone Soup version 0.22.1-2-g9c5b331383 (webtiles) character file.

2789 Ihlosi the Skirmisher (level 10, -13/77 HPs)
             Began as a Human Gladiator on Nov 23, 2018.
             Was a Priest of the Shining One.
             Mangled by a two-headed ogre
             ... wielding a +0 giant spiked club
              (35 damage)
             ... on level 9 of the Dungeon.
             The game lasted 00:17:32 (7117 turns).

Ihlosi the Skirmisher (Human Gladiator)             Turns: 7117, Time: 00:17:33

Health: -13/77     AC: 14    Str: 16    XL:     10   Next: 1%
Magic:  13/13      EV: 15    Int:  9    God:    the Shining One [***...]
Gold:   556        SH:  0    Dex: 16    Spells: 9/9 levels left

rFire    . . .     SeeInvis .   a - +2 falchion (holy)
rCold    . . .     Gourm    +   (no shield)
rNeg     + . .     Faith    .   D - +0 leather armour
rPois    .         Spirit   .   c - +1 helmet
rElec    .         Reflect  .   w - +2 cloak
rCorr    .         Harm     .   y - +2 pair of gloves
MR       .....                  (no boots)
Stlth    +.........             m - amulet of the gourmand
HPRegen  0.22/turn              g - +2 ring of protection
MPRegen  0.13/turn              o - ring of stealth

@: glowing
A: no striking features
a: Divine Shield, Renounce Religion


You were on level 9 of the Dungeon.
You worshipped the Shining One.
The Shining One was most pleased with you.
You were completely stuffed.

You visited 2 branches of the dungeon, and saw 10 of its levels.

You collected 556 gold pieces.

Inventory:

Hand Weapons
 a - a +2 falchion of holy wrath (weapon)
 b - a +0 scimitar
 l - a +1 vampiric short sword
 v - a +0 long sword
Missiles
 d - 3 throwing nets (quivered)
Armour
 c - a +1 helmet (worn)
 w - a +2 cloak (worn)
 y - a +2 pair of gloves (worn)
 D - a +0 leather armour (worn)
Jewellery
 g - a +2 ring of protection (left hand)
 k - an uncursed amulet of harm
 m - an amulet of the gourmand (around neck)
 o - a ring of stealth (right hand)
 A - an uncursed amulet of harm
 I - an uncursed ring of resist corrosion
Wands
 u - a wand of iceblast (4)
 x - a wand of acid (1)
Scrolls
 j - 6 scrolls of teleportation
 p - 8 scrolls of remove curse
 z - a scroll of enchant armour
 B - a scroll of magic mapping
 E - a scroll of fear
 G - a scroll of immolation
Potions
 e - 2 potions of heal wounds
 h - 4 potions of might
 i - a potion of agility
 n - a potion of curing {unknown}
 q - a potion of brilliance {unknown}
 r - a potion of mutation {unknown}
 s - 2 potions of haste
 t - 3 potions of lignification
 F - a potion of invisibility {unknown}
Comestibles
 f - 19 rations
 C - 4 chunks of flesh


   Skills:
 * Level 6.7 Fighting
 - Level 0.9(4.2) Short Blades
 + Level 6.7 Long Blades
 - Level 2.0 Throwing
 * Level 5.3 Armour
 - Level 6.0 Dodging
 - Level 1.0 Stealth
 * Level 4.7 Invocations
 - Level 3.0 Evocations


You had 9 spell levels left.
You didn't know any spells.
Your spell library contained the following spells:

 Spells                   Type           Power        Failure   Level  Hunger
 Sting                    Conj/Pois      #...         43%         1    ##.....
 Poisonous Vapours        Pois/Air       #.....       58%         2    ###....
 Mephitic Cloud           Conj/Pois/Air  #.......     82%         3    ####...
 Olgreb's Toxic Radiance  Pois           #.......     99%         4    #####..
 Venom Bolt               Conj/Pois      #.........   100%        5    ######.


Dungeon Overview and Level Annotations

Branches:
Dungeon (9/15)             Temple (1/1) D:4
   Lair: D:8-11         Orc: D:9-12

Altars:
Ashenzari
Cheibriados
Dithmenos
Elyvilon
Fedhas
Gozag
Hepliaklqana
Kikubaaqudgha
Makhleb
Nemelex Xobeh
Okawaru
Qazlal
Ru
Sif Muna
Trog
Uskayaw
Vehumet
Wu Jian
Xom
Yredelemnul
Zin
The Shining One

Annotations:
D:3 2 transporters, Cykl0x's ghost, amateur GrCK
D:5 3 runed doors, BobTheBalder's ghost, amateur DrFE; Ihlosi's ghost, novice HuGl; Peloso's ghost, novice MiFi; definar's ghost, novice GrEE; worthlessgem's ghost, amateur DEWz
D:8 slime pit


Message History

A hobgoblin zombie comes into view.
You slash the two-headed ogre!
The two-headed ogre is heavily wounded.
The two-headed ogre misses you.
The two-headed ogre completely misses you.
You hit the two-headed ogre.
The two-headed ogre is heavily wounded.
The phantom blinks!
The two-headed ogre closely misses you. x2
An orc zombie comes into view.
You slash the two-headed ogre!
The two-headed ogre is almost dead.
You hit the two-headed ogre.
The two-headed ogre is almost dead.
The two-headed ogre hits you with a giant spiked club!!
The two-headed ogre hits you with a giant club.
* * * LOW HITPOINT WARNING * * *
You hit the two-headed ogre.
The two-headed ogre is almost dead.
The two-headed ogre hits you with a giant spiked club!!
You die...

## #.# . #.# # .
########.#######
W#.
#...........).<#
#ZZ#
#.##############
#$#.#W# #.#
.Z..ZsZ##.#
#ZO#[# ###@.#
####


You could see a two-headed ogre, 2 phantoms, a scorpion, a goblin zombie, 2
hobgoblin zombies and 2 orc zombies.

Vanquished Creatures
  A hornet (D:7)
  Grinder (D:5)
  A hippogriff (D:6)
  A water moccasin (D:9)
  2 sky beasts (D:7)
  An ice beast (D:8)
  An ogre (D:8)
  A centaur (D:6)
  5 big kobolds (D:8)
  3 bullfrogs (D:6)
  2 scorpions
  A troll zombie (D:9)
  A howler monkey (D:6)
  2 crimson imps
  3 jellies
  A centaur skeleton (D:6)
  2 orc priests
  2 bullfrog zombies
  A hound (D:4)
  A bullfrog skeleton (D:5)
  A gnoll shaman (D:6)
  2 iguanas (D:8)
  5 orc wizards
  2 worker ants (D:8)
  A hound skeleton (D:8)
  8 gnolls (D:6)
  11 adders
  2 shadow imps
  2 oozes (D:8)
  An adder zombie (D:6)
  4 worms
  A leopard gecko (D:6)
  27 orcs
  4 bats
  3 giant cockroaches
  5 hobgoblins
  5 jackals
  4 quokkas
  A frilled lizard (D:2)
  6 goblins
  A hobgoblin skeleton (D:9)
  A hobgoblin zombie (D:9)
  12 kobolds
  A quokka zombie (D:6)
  8 rats
151 creatures vanquished.

Vanquished Creatures (others)
  8 fungi (D:8)
  9 toadstools (D:8)
17 creatures vanquished.

Grand Total: 168 creatures vanquished

Notes
Turn   | Place    | Note
-------+----------+-------------------------------------------
     0 | D:1      | Ihlosi the Human Gladiator began the quest for the Orb.
     0 | D:1      | Reached XP level 1. HP: 16/16 MP: 1/1
   166 | D:1      | Reached XP level 2. HP: 22/22 MP: 2/2
  1010 | D:2      | Reached XP level 3. HP: 23/27 MP: 3/3
  1061 | D:2      | Reached skill level 1 in Stealth
  1293 | D:2      | Reached skill level 1 in Armour
  1728 | D:2      | Reached XP level 4. HP: 34/34 MP: 4/4
  2104 | D:3      | Found a glowing silver altar of Zin.
  2111 | D:3      | Noticed an angel
  2114 | D:3      | Found a shimmering altar of Xom.
  2200 | D:3      | Reached XP level 5. HP: 39/39 MP: 5/5
  2678 | D:3      | Found a transporter.
  2679 | D:3      | Found a transporter.
  2679 | D:3      | Noticed Cykl0x's ghost (amateur GrCK)
  2680 | D:3      | Noticed an ogre
  2868 | D:4      | Found a staircase to the Ecumenical Temple.
  2874 | Temple   | Entered the Ecumenical Temple
  3033 | Temple   | Became a worshipper of the Shining One
  3049 | D:4      | Found a blossoming altar of Fedhas.
  3284 | D:4      | Found a basalt altar of Yredelemnul.
  3596 | D:4      | Found a bloodstained altar of Trog.
  3673 | D:5      | Entered Level 5 of the Dungeon
  3688 | D:5      | Found a runed gate.
  3691 | D:5      | Found a runed gate.
  3691 | D:5      | Found a runed gate.
  3692 | D:5      | Noticed worthlessgem's ghost (amateur DEWz)
  3692 | D:5      | Noticed definar's ghost (novice GrEE)
  3692 | D:5      | Noticed Peloso's ghost (novice MiFi)
  3692 | D:5      | Noticed BobTheBalder's ghost (amateur DrFE)
  3699 | D:5      | Noticed Ihlosi's ghost (novice HuGl)
  3768 | D:5      | Reached XP level 6. HP: 47/47 MP: 6/6
  3818 | D:5      | Reached skill level 1 in Evocations
  3842 | D:5      | Reached skill level 1 in Invocations
  4021 | D:5      | Noticed Grinder
  4027 | D:5      | Killed Grinder
  4027 | D:5      | Reached XP level 7. HP: 52/52 MP: 6/8
  4465 | D:6      | Noticed a hippogriff
  4474 | D:6      | Killed a hippogriff
  4522 | D:6      | Reached XP level 8. HP: 33/60 MP: 9/9
  4669 | D:6      | Reached * piety under the Shining One
  4674 | D:6      | Reached skill level 5 in Long Blades
  5220 | D:6      | Found a sparkling altar of Nemelex Xobeh.
  5590 | D:7      | Reached skill level 5 in Dodging
  5637 | D:7      | Reached XP level 9. HP: 66/66 MP: 11/11
  5923 | D:7      | Reached skill level 5 in Fighting
  6088 | D:7      | Reached ** piety under the Shining One
  6095 | D:7      | Noticed a hornet
  6098 | D:7      | Killed a hornet
  6255 | D:8      | Reached skill level 5 in Armour
  6278 | D:8      | Noticed a slime creature
  6278 | D:8      | Noticed a slime creature
  6941 | D:8      | Found a stormy altar of Qazlal.
  6941 | D:8      | Found a radiant altar of Vehumet.
  7080 | D:9      | Reached XP level 10. HP: 67/77 MP: 13/13
  7101 | D:9      | Noticed a two-headed ogre
  7112 | D:9      | Reached *** piety under the Shining One
  7117 | D:9      | Mangled by a two-headed ogre

Skill      XL: |  1  2  3  4  5  6  7  8  9 |
---------------+----------------------------+-----
Stealth        | 1 |  1.0
Armour         | 1 2 3 4 5 |  5.3
Fighting       | 3 4 6 |  6.7
Evocations     | 1 2 3 |  3.0
Dodging        | 4 5 6 |  6.0
Invocations    | 1 2 3 4 |  4.7
Long Blades    | 4 6 |  6.7
Short Blades   | |  0.9
Throwing       | |  2.0

Action                   |  1- 3 |  4- 6 |  7- 9 | 10-12 || total
-------------------------+-------+-------+-------+-------++-------
Melee: Long sword        |    46 |    10 |       |       ||    56
       Short sword       |    62 |   128 |       |       ||   190
       Scimitar          |       |    36 |    43 |       ||    79
       Falchion          |       |       |   226 |    15 ||   241
Evoke: Wand              |       |     2 |     8 |     1 ||    11
  Use: Scroll            |       |     7 |     5 |       ||    12
       Potion            |       |       |     3 |       ||     3
 Stab: Sleeping          |     5 |     2 |       |       ||     7
  Eat: Chunk             |    12 |    11 |    11 |       ||    34
Armor: Leather armour    |    34 |    43 |   105 |     2 ||   184
Dodge: Dodged            |    97 |   119 |   187 |    12 ||   415
       Rpst.: Long sword |    11 |     6 |       |       ||    17
       Scimitar          |       |     6 |     9 |       ||    15
       Falchion          |       |       |    47 |     1 ||    48
